 Dungeon Crawl Stone Soup version 0.20.0-10-g0535bb4 (webtiles) character file.

162 dobroeutro the Chopper (level 5, -3/45 HPs)
             Began as a Minotaur Fighter on June 3, 2017.
             Slain by an orc wizard
             ... wielding a +0 dagger
              (4 damage)
             ... on level 3 of the Dungeon.
             The game lasted 00:02:46 (1965 turns).

dobroeutro the Chopper (Minotaur Fighter)           Turns: 1965, Time: 00:02:47

Health: -3/45      AC:  8    Str: 20    XL:     5   Next: 19%
Magic:  0/4        EV:  7    Int:  5    God:
Gold:   134        SH:  9    Dex: 11    Spells: 4/4 levels left

rFire    . . .     SeeInvis .   a - +0 war axe
rCold    . . .     Gourm    .   c - +0 shield
rNeg     . . .     Faith    .   b - +0 scale mail
rPois    .         Spirit   +   (helmet restricted)
rElec    .         Reflect  .   (no cloak)
rCorr    .         Harm     .   u - +0 pair of gloves
MR       .....                  (no boots)
Stlth    ..........             t - amulet of guardian spirit
Regen    0.2/turn               (no ring)
MPRegen  0.1/turn               (no ring)

@: no status effects
A: retaliatory headbutt, horns 2
a: no special abilities


You were on level 3 of the Dungeon.
You were hungry.

You visited 1 branch of the dungeon, and saw 3 of its levels.

You collected 134 gold pieces.

Inventory:

Hand Weapons
 a - a +0 war axe (weapon)
Armour
 b - a +0 scale mail (worn)
 c - a +0 shield (worn)
 u - a +0 pair of gloves (worn)
Jewellery
 t - an amulet of guardian spirit (around neck)
Scrolls
 g - 5 scrolls of remove curse {unknown}
 i - a scroll of recharging {unknown}
 j - 3 scrolls of blinking {unknown}
 l - a scroll of fog {unknown}
 m - 5 scrolls of identify {unknown}
 n - 2 scrolls of teleportation {unknown}
 o - a scroll of amnesia {unknown}
 s - 2 scrolls of noise {unknown}
Potions
 d - a potion of might
 e - a potion of lignification {unknown}
 h - 2 potions of heal wounds {unknown}
 k - a potion of curing {unknown}
 p - a potion of mutation {unknown}
 v - a potion of resistance {unknown}
 w - a potion of degeneration {unknown}
Comestibles
 f - 2 bread rations
 q - 7 fruits
 r - a meat ration


   Skills:
 - Level 3.6 Fighting
 + Level 6.6 Axes
 - Level 3.6 Armour
 - Level 3.6 Shields


You had 4 spell levels left.
You didn't know any spells.

Dungeon Overview and Level Annotations

Branches:
Dungeon (3/15)

Altars:


Innate Abilities, Weirdness & Mutations

You reflexively headbutt those who attack you in melee.
You have a pair of horns on your head.


Message History

Something hits you but does no damage.
Unknown command.
You miss something. Your headbutt misses something. You slash the orc wizard!
You kill the orc wizard!
Something hits you.
* * * LOW HITPOINT WARNING * * *
Unknown command.
You closely miss something. You headbutt something.
Something hits you but does no damage.
Unknown command.
You closely miss something.
Something hits you but does no damage. x2
Unknown command.
You barely miss something.
You hear some strange, mumbled words.
A magic dart appears from out of thin air!
The magic dart hits you!
* * * LOW HITPOINT WARNING * * *
Unknown command.
You completely miss something. Something hits you.
You die...

#.####..........######
# #.# #######.#..# ##
#.# ###..# #. #. #.#
#..## # #. ## #.#
....#.# #. # ..# #
###>#. ###.### ..# #.
#o. #.....# #.#
#.###{# #.#.....# #.#
#...)@# #........ #.#
###..## ###...<.# #.#
#..# #.....# #.# #..#
##.#.## #.# #..#
..###. #.# #..# ..# #
#.# #..####### #.. #.#
#..[.....# ## #.#
#####.#####.#


You could see an orc.

Vanquished Creatures
  An orc priest (D:3)
  An orc wizard (D:3)
  5 adders
  2 dart slugs
  2 leopard geckos
  An orc (D:3)
  3 bats (D:1)
  2 giant cockroaches (D:1)
  5 goblins
  9 hobgoblins
  7 kobolds
  2 quokkas
  8 frilled lizards
  10 rats
58 creatures vanquished.

Notes
Turn   | Place    | Note
-------+----------+-------------------------------------------
     0 | D:1      | dobroeutro the Minotaur Fighter began the quest for the Orb.
     0 | D:1      | Reached XP level 1. HP: 19/19 MP: 0/0
    59 | D:1      | Reached skill level 3 in Axes
    75 | D:1      | Reached XP level 2. HP: 26/26 MP: 1/1
   399 | D:1      | Reached skill level 4 in Axes
   606 | D:1      | Reached XP level 3. HP: 31/31 MP: 2/2
  1087 | D:2      | Reached skill level 5 in Axes
  1089 | D:2      | Found a faded altar of an unknown god.
  1180 | D:2      | Reached XP level 4. HP: 37/39 MP: 3/3
  1959 | D:3      | Reached skill level 6 in Axes
  1959 | D:3      | Reached XP level 5. HP: 17/45 MP: 1/4
  1964 | D:3      | HP: 1/45 [something/magic dart (4)]
  1965 | D:3      | Slain by an orc wizard

Skill      XL: |  1  2  3  4 |
---------------+-------------+-----
Axes           | 3 4 5 6 |  6.6
Fighting       | |  3.6
Armour         | |  3.6
Shields        | |  3.6

Action                   |  1- 3 |  4- 6 || total
-------------------------+-------+-------++-------
Melee: War axe           |    89 |    53 ||   142
       Headbutt          |    12 |     9 ||    21
  Eat: Chunk             |     1 |     2 ||     3
Armor: Scale mail        |    32 |    23 ||    55
Dodge: Dodged            |    26 |    18 ||    44
Block: Shield            |    47 |    17 ||    64
